 Dungeon Crawl Stone Soup version 0.16-a0-3272-g378764d (webtiles) character file.

130 LogicNinja the Cudgeler (level 4, -1/33 HPs)
             Began as a Demonspawn Gladiator on Feb 3, 2015.
             Slain by LogicNinja's ghost (11 damage)
             ... on level 3 of the Dungeon.
             The game lasted 00:03:27 (2240 turns).

LogicNinja the Cudgeler (Demonspawn Gladiator)      Turns: 2240, Time: 00:03:27

Health: -1/33      AC:  8    Str: 16    XL:     4   Next: 90%
Magic:  4/4        EV: 17    Int: 11    God:
Gold:   102        SH:  0    Dex: 19    Spells: 0 memorised, 3 levels left

rFire  . . .     SeeInvis .     a - +0 flail
rCold  . . .     Clarity  .     l - +0 ring mail
rNeg   . . .     SustAb   .     (no shield)
rPois  .         Gourm    .     c - +0 helmet
rElec  .         Spirit   .     (no cloak)
rCorr  .         Warding  .     (no gloves)
rMut   .         Stasis   .     (no boots)
MR     .....                    (no amulet)
Stlth  ++........               (no ring)
                                (no ring)

@: agile, not resistant to hostile enchantments, unstealthy
A: hooves 1, thin metallic scales 1, clever 1, powered by death 1
a: no special abilities


You were on level 3 of the Dungeon.
You were hungry.

You visited 1 branch of the dungeon, and saw 3 of its levels.

You collected 102 gold pieces.

Inventory:

Hand weapons
 a - a +0 flail (weapon)
Missiles
 d - 3 throwing nets (quivered)
Armour
 c - a +0 helmet (worn)
 l - a +0 ring mail (worn)
Jewellery
 p - an uncursed ring of protection from cold {unknown}
Scrolls
 b - a scroll of noise {unknown}
 g - a scroll of blinking {unknown}
 k - 3 scrolls of enchant weapon {unknown}
 m - 3 scrolls of magic mapping {unknown}
 n - 2 scrolls of enchant armour {unknown}
 o - a scroll of recharging {unknown}
Comestibles
 f - 3 bread rations
 i - 6 fruits
 r - a meat ration
 s - a slice of pizza


   Skills:
 - Level 2.0 Fighting
 * Level 5.1 Maces & Flails
 - Level 1.7 Throwing
 - Level 2.6 Dodging


You had 3 spell levels left.
You didn't know any spells.

Dungeon Overview and Level Annotations

Branches:
Dungeon (3/15)

Altars:
Dithmenos Wulndraste

Annotations:
D:3 LogicNinja's ghost, average NaFi


Innate Abilities, Weirdness & Mutations

You have large cloven feet.
You are partially covered in thin metallic scales (AC +2).
You can steal the life force of nearby defeated enemies.
Your mind is acute. (Int +2)


Message History

LogicNinja's ghost hits you but does no damage.
You hit LogicNinja's ghost.
LogicNinja's ghost is heavily damaged.
LogicNinja's ghost misses you.
You hit LogicNinja's ghost.
LogicNinja's ghost is heavily damaged.
LogicNinja's ghost hits you!
You hit LogicNinja's ghost. Your kick misses LogicNinja's ghost.
LogicNinja's ghost is heavily damaged.
LogicNinja's ghost closely misses you.
You closely miss LogicNinja's ghost.
You kick LogicNinja's ghost, but do no damage.
LogicNinja's ghost is heavily damaged.
LogicNinja's ghost hits you!
* * * LOW HITPOINT WARNING * * *
You hit LogicNinja's ghost.
LogicNinja's ghost is severely damaged.
LogicNinja's ghost screams, "Don't try to defend!
You have no chance!"
LogicNinja's ghost misses you. LogicNinja's ghost hits you!
You die...

..........<.......>....#.#.#.###.
################.###.........<..
.........†.............#
..............#.#......#
...................####.#
......................#.#
.................#.####.#
...............#.#.# #.#
........@........#.# #..
........W......#.#.# #..
...............#.#.####.#
.................#..<....
..................######
........................
.............).##.......
................##..#####
...............(.##..# #


You could see LogicNinja's ghost.

Vanquished Creatures
  A killer bee zombie (D:3)
  6 adders
  A giant mite (D:2)
  A worm (D:2)
  A giant gecko (D:1)
  An orc (D:3)
  4 bats
  7 goblins
  7 hobgoblins
  9 kobolds
  2 ball pythons
  3 giant cockroaches (D:2)
  3 giant newts
  3 rats
49 creatures vanquished.

Notes
Turn   | Place    | Note
--------------------------------------------------------------
     0 | D:1      | LogicNinja, the Demonspawn Gladiator, began the quest for the Orb.
     0 | D:1      | Reached XP level 1. HP: 16/16 MP: 1/1
   163 | D:1      | Reached skill level 3 in Maces & Flails
   248 | D:1      | Gained mutation: You can steal the life force of nearby defeated enemies. [demonic ancestry]
   248 | D:1      | Reached XP level 2. HP: 17/22 MP: 2/2
   907 | D:2      | Gained mutation: You are partially covered in thin metallic scales (AC +2). [demonic ancestry]
   907 | D:2      | Reached XP level 3. HP: 19/27 MP: 3/3
  1089 | D:2      | Reached skill level 4 in Maces & Flails
  1304 | D:2      | Found a shadowy altar of Dithmenos.
  1399 | D:2      | Found a flag-altar of Wulndraste.
  1412 | D:2      | Gained mutation: You have large cloven feet. [demonic ancestry]
  1412 | D:2      | Reached XP level 4. HP: 25/33 MP: 4/4
  1793 | D:3      | Noticed LogicNinja's ghost (average NaFi)
  1803 | D:3      | Gained mutation: You are frail (-10% HP). [potion of mutation]
  1803 | D:3      | Gained mutation: Your mind is acute. (Int +2) [potion of mutation]
  1803 | D:3      | Lost mutation: You are frail (-10% HP). [potion of mutation]
  2046 | D:3      | Reached skill level 5 in Maces & Flails
  2240 | D:3      | Slain by LogicNinja's ghost

Action                   |  1- 3 |  4- 6 || total
-------------------------+-------+-------++-------
Melee: Flail             |   113 |    92 ||   205
  Use: Potion            |       |     6 ||     6
  Eat: Chunk             |     1 |     3 ||     4
